AoeStats
← Erectus Rogan?

Arena

509743099Analyzed
1v1 RM · 6d ago on Sep 27, 2026· 35m 5s· 2 players
Game mode
Random Map
Map size
Tiny (2 player)
Population
200
Speed
Normal
Resources
Standard
Victory
Conquest
Starting age
Dark Age
Ending age
Imperial Age
RankedLock teamsTeams togetherTeam positionsShared explorationLock speedFull tech treeHidden civsTurbo modeCheats
Victory
Defeat
🇩🇪 Varangians · Germany
1146
+43
🇵🇱 Armenians · Poland
1172
-17
Erectus Rogan?
9:57 Feudal Age
13:32 Castle Age
11:37 Horse Collar
12:51 Double-Bit Axe
15:35 Heavy Plow
17:43 Loom
18:34 Wheelbarrow
18:21 Bow Saw
19:24 Town Watch
20:08 Gold Mining
27:34 Imperial Age
25:45 Squires
25:31 Arson
25:32 Gambesons
26:26 Scale Mail Armor
26:38 Forging
27:25 Hand Cart
28:20 Scale Barding Armor
28:32 Chain Mail Armor
28:58 Elite Varangian Guard
29:43 Stone Mining
32:28 Plate Mail Armor
32:33 Iron Casting
32:33 Conscription
32:27 Gothikon
35:29 Blast Furnace
Peres
10:21 Feudal Age
11:24 Horse Collar
16:37 Castle Age
15:27 Double-Bit Axe
18:08 Bow Saw
18:03 Gold Mining
19:44 Man-at-Arms
20:26 Long Swordsman
28:49 Forging
28:56 Heavy Plow
29:06 Fletching
29:56 Two-Handed Swordsman
32:37 Gold Shaft Mining
31:30 Champion
31:42 Elite Skirmisher
32:44 Scale Mail Armor
32:58 Squires
33:21 Gambesons
34:47 Wheelbarrow
Connection lost

Rejoining the realm…

Still unreachable

The connection could not be restored.

Session expired

The server has moved on; the page needs a fresh start.